 Dungeon Crawl Stone Soup version 0.30-a0-953-g5f1da4a474 (webtiles) character file.

Game seed: 4700879045923419036

6764 retardedninja the Fencer (level 10, -1/76 (85) HPs)
             Began as an Armataur Fighter on Mar 28, 2023.
             Was an Initiate of Gozag.
             Slain by Erica
             ... wielding a +4 scimitar of flaming
              (13 damage)
             ... on level 9 of the Dungeon.
             The game lasted 00:15:48 (11581 turns).

retardedninja the Fencer (Armataur Fighter)        Turns: 11581, Time: 00:15:48

HP:   -1/76 (85)    AC: 15    Str: 28    XL:     10   Next: 75%
MP:   10/10         EV:  6    Int: 11    God:    Gozag
Gold: 943           SH:  0    Dex: 14    Spells: 9/9 levels left

rFire   . . .      SeeInvis .    a - +3 scimitar (venom)
rCold   . . .      Faith    .    c - +0 buckler
rNeg    . . .      Spirit   .    m - +0 chain mail
rPois   .          Reflect  .    o - +2 helmet
rElec   .          Roll     +    D - +2 cloak
rCorr   .                        (no gloves)
Will    .....                    (no barding) Stlth
                                 (no amulet)
HPRegen 0.32/turn                n - ring of Anaurhoumy {Str+6 Int+3}
MPRegen 0.12/turn                (no ring)

@: confused, heavily drained
A: large, rugged brown scales 3, deformed body, armoured tail, roll, long
tongue, awkward tongue
a: Renounce Religion, Potion Petition, Call Merchant, Bribe Branch


You were on level 9 of the Dungeon.
You worshipped Gozag.
Gozag was pleased with you.
You visited 2 branches of the dungeon, and saw 10 of its levels.
You also visited: Ossuary.

You collected 1071 gold pieces.
You spent 45 gold pieces at shops.
You paid 83 gold pieces to Gozag.

Inventory:

Hand Weapons
 a - a +3 scimitar of venom (weapon)
Armour
 c - a +0 buckler (worn)
 m - a +0 chain mail (worn)
 o - a +2 helmet (worn)
 u - a +0 tower shield
 y - a +0 pair of gloves
 D - a +2 cloak (worn)
Jewellery
 n - the ring of Anaurhoumy (left hand) {Str+6 Int+3}
   (You found it on level 4 of the Dungeon)

   [ring of strength]

   Str:       It affects your strength (+6).
   Int:       It affects your intelligence (+3).
 G - a +6 ring of strength
Wands
 b - a wand of flame (19)
 j - a wand of digging (6)
 F - a wand of mindburst (20)
Scrolls
 e - a scroll of immolation
 l - 2 scrolls of teleportation
 p - a scroll of fog
 q - 2 scrolls of vulnerability
 r - 2 scrolls of identify
 t - a scroll of torment {unknown}
 v - 2 scrolls of fear
 w - a scroll of magic mapping
 E - a scroll of acquirement {unknown}
Potions
 d - 3 potions of might
 f - 4 potions of flight
 g - a potion of heal wounds
 h - 5 potions of curing
 i - a potion of brilliance
 k - a potion of cancellation
 s - 4 potions of ambrosia
 x - a potion of berserk rage
 A - a potion of lignification
 B - a potion of attraction {unknown}
 C - a potion of magic {unknown}


   Skills:
 + Level 4.7 Fighting
 * Level 16.7 Long Blades
 + Level 6.2 Armour
 + Level 5.7 Shields


You had 9 spell levels left.
You didn't know any spells.
Your spell library contained the following spells:

 Spells                   Type           Power      Damage    Failure   Level
 Freeze                   Ice            0%         1d3       91%         1
 Static Discharge         Conj/Air       0%         2-2/arc   97%         2
 Frozen Ramparts          Ice            0%         1d1       100%        3
 Hailstorm                Conj/Ice       0%         3d3       100%        3
 Stone Arrow              Conj/Erth      0%         3d7       100%        3
 Vhi's Electric Charge    Tloc/Air       0%         N/A       100%        3
 Animate Armour           Summ/Erth      0%         N/A       100%        4
 Leda's Liquefaction      Hex/Erth       0%         N/A       100%        4
 Arcjolt                  Conj/Air       0%         1d10      100%        5
 Lee's Rapid Deconstruct  Erth           0%         3d4*      100%        5
 Plasma Beam              Fire/Air       0%         2x1d7     100%        5
 Statue Form              Tmut/Erth      0%         N/A       100%        6
 Lehudib's Crystal Spear  Conj/Erth      0%         10d2      100%        8


Dungeon Overview and Level Annotations

Branches:
Dungeon (9/15)             Temple (1/1) D:6         Ossuary (visited)
   Lair: D:8-11         Orc: D:9-12

Altars:
Ashenzari
Cheibriados
Dithmenos
Elyvilon
Fedhas
Gozag
Kikubaaqudgha
Makhleb
Nemelex Xobeh
Okawaru
Qazlal
Ru
Sif Muna
Trog
Uskayaw
Vehumet
Wu Jian
Xom
Yredelemnul
Zin
The Shining One

Shops:
D:4 *   D:7 ?([

Annotations:
D:9 Erica


Innate Abilities, Weirdness & Mutations

You are completely covered in rugged brown scales. (AC +3, +7% HP)
Armour fits poorly on your strangely shaped body.
You have a long armoured tail.
You roll when moving toward enemies. (Rampage)
Your long tongue fully drains potion bottles. (2x potion effects)
Your tongue gives you trouble enunciating. (1.5x scroll delay)


Message History

Deactivating autopickup; reactivate with Ctrl-A.
There is a strange disturbance nearby!
There is a strange disturbance nearby!
There is a strange disturbance nearby!
No target in view!
Found a potion of heal wounds.
Something hits you! Something burns you.
You miss something. You tail-slap something!
You hit something but do no damage. Something hits you! Something burns you.
You closely miss something. Something hits you. Something burns you.
You closely miss something. Something hits you! Something burns you.
You slash something!
Your tail-slap misses something.
You hit something.
You hear some strange, mumbled words.
Something tries to affect you, but you resist.
You slash something!
You hear some strange, mumbled words.
You are confused.
You bump into the rock wall.
You hear some strange, mumbled words.
You are more confused.
You're too confused to move!
You hear some strange, mumbled words.
A lance of force appears from out of thin air!
The lance of force hits you!
You are knocked back by the lance of force.
You hear some strange, mumbled words.
Something tries to affect you, but you resist.
You bump into the rock wall.
Something hits you!
* * * LOW HITPOINT WARNING * * *
Something burns you.
* * * LOW HITPOINT WARNING * * *
You're too confused to move!
You hear some strange, mumbled words.
Something tries to affect you, but you resist.
You barely miss something.
You bump into the rock wall.
Something hits you!
You die...
Your body crumbles into a pile of gold.

##.......##
####.
#.........#
#....
##.......##
#..#. ##.....##
#.... ##...##
#..## ##.##
#.... ## #.#
##.#.
##...########.#
#.##
..........@...#
#.#
##.!.##########
#.## ## #..(
####


There were no monsters in sight!

Vanquished Creatures
  Pikel (D:5)
  Grinder (D:3)
  A wraith (D:9)
  Grum (D:8)
  A wyvern (D:8)
  A water moccasin (D:8)
  A black bear (D:6)
  3 orc warriors
  An ogre (D:5)
  3 wolves (D:7)
  A centaur (D:6)
  2 kobold brigands
  A lemure (D:5)
  2 phantoms
  2 bullfrogs
  Blork the orc (D:5)
  12 scorpions
  21 wights
  A howler monkey (D:8)
  2 centaur zombies (Ossuary)
  A human zombie (Ossuary)
  3 jellies (D:3)
  9 orc priests
  2 hounds (D:4)
  Ijyb (D:3)
  Crazy Yiuf (D:5)
  Jessica (D:3)
  3 scorpion zombies (Ossuary)
  3 sleepcaps
  An iguana (D:6)
  11 orc wizards
  3 mummies (Ossuary)
  5 gnolls
  5 adders
  A river rat (D:5)
  3 white imps
  2 worms
  2 dart slugs
  38 orcs
  21 endoplasms
  4 giant cockroaches
  5 gnoll zombies (Ossuary)
  5 goblins
  7 hobgoblins
  2 jackals (D:3)
  3 quokkas
  9 ball pythons
  8 bats
  A frilled lizard (D:3)
  2 goblin zombies (Ossuary)
  2 hobgoblin zombies (Ossuary)
  17 kobolds
  5 kobold zombies (Ossuary)
  An orc zombie (Ossuary)
  6 rats
252 creatures vanquished.

Vanquished Creatures (others)
  2 fungi (D:3)
  6 toadstools (D:3)
8 creatures vanquished.

Grand Total: 260 creatures vanquished

Notes
Turn   | Place    | Note
-------+----------+-------------------------------------------
     0 | D:1      | retardedninja the Armataur Fighter began the quest for the
                  | Orb.
     0 | D:1      | Reached XP level 1. HP: 19/19 MP: 1/1
   212 | D:1      | Reached skill level 2 in Long Blades
   212 | D:1      | Reached XP level 2. HP: 26/26 MP: 2/2
   358 | D:1      | Found a faded altar of an unknown god.
   705 | D:1      | Reached XP level 3. HP: 26/33 MP: 3/3
  1031 | D:2      | You fall into a shaft and drop 2 floors!
  1188 | D:4      | Reached XP level 4. HP: 37/40 MP: 4/4
  1232 | D:4      | Noticed a scorpion
  1253 | D:4      | Reached skill level 13 in Long Blades
  1253 | D:4      | Reached XP level 5. HP: 28/48 MP: 5/5
  1253 | D:4      | Reached XP level 6. HP: 32/54 MP: 6/6
  1734 | D:4      | Reached skill level 16 in Long Blades
  1734 | D:4      | Reached XP level 7. HP: 60/60 MP: 7/7
  1734 | D:4      | Reached XP level 8. HP: 67/67 MP: 8/8
  1905 | D:4      | Identified the ring of Anaurhoumy {Str+6 Int+3}
  1943 | D:3      | Noticed Jessica
  1946 | D:3      | Killed Jessica
  3149 | D:3      | Noticed Ijyb
  3154 | D:3      | Noticed Grinder
  3154 | D:3      | Paralysed by Ijyb for 3 turns
  3172 | D:3      | Killed Ijyb
  3173 | D:3      | Paralysed by Grinder for 2 turns
  3183 | D:3      | Killed Grinder
  3677 | D:4      | Found Husahauheu's Mass Market.
  3684 | D:4      | Bought a +0 tower shield for 45 gold pieces
  3988 | D:4      | Found a radiant altar of Vehumet.
  3996 | D:4      | Found a glowing silver altar of Zin.
  4000 | D:4      | Found a stormy altar of Qazlal.
  4076 | D:5      | Entered Level 5 of the Dungeon
  4134 | D:5      | Reached XP level 9. HP: 73/74 MP: 9/9
  4146 | D:5      | Found a sand-covered staircase.
  4157 | Ossuary  | Entered an ossuary
  4913 | D:5      | Noticed Pikel
  4933 | D:5      | Killed Pikel
  4934 | D:5      | Reached skill level 5 in Armour
  5116 | D:5      | Noticed Blork the orc
  5125 | D:5      | Killed Blork the orc
  5321 | D:5      | Found a runed translucent door.
  5322 | D:5      | Noticed Crazy Yiuf
  5718 | D:5      | Killed Crazy Yiuf
  6281 | D:6      | Found a staircase to the Ecumenical Temple.
  6328 | Temple   | Entered the Ecumenical Temple
  6433 | Temple   | Became a worshipper of Gozag Ym Sagoz the Greedy
  6504 | D:6      | Found a snail-covered altar of Cheibriados.
  6565 | D:6      | Reached XP level 10. HP: 65/81 MP: 10/10
  6686 | D:6      | Reached skill level 5 in Shields
  7618 | D:6      | Found a bloodstained altar of Trog.
  7638 | D:6      | Found a blossoming altar of Fedhas.
  7965 | D:7      | Found Sopusi's Armour Emporium.
  8135 | D:7      | Found a sparkling altar of Nemelex Xobeh.
  8189 | D:7      | Found Moikkin's Magic Scroll Shoppe.
  8251 | D:7      | Found Link's Antique Weapon Emporium.
  9382 | D:8      | Noticed Grum
  9822 | D:7      | HP: 3/108 [wolf[Grum] (5)]
 10427 | D:8      | Killed Grum
 11306 | D:9      | Identified the +9 spear of Responsibility {flame, rCorr
                  | Dex+3}
 11561 | D:9      | Noticed Erica
 11581 | D:9      | Slain by Erica

Illustrated notes

Levels and vault maps discovered:
D:1:      reono_arrival_forest_river, layout_loops_corners,
          basic_ecumenical_altar
D:2:      layout_rooms, kennysheep_generic_room_9
D:3:      cheibrodos_fertilizer, layout_basic, kennysheep_generic_room_5,
          uniq_jessica, uniq_grinder, uniq_ijyb
D:4:      layout_loops_ring, minmay_overflow_temple_star_quad, minmay_shop_mass,
          st_stairs_6, kennysheep_generic_room_15
D:5:      layout_loops_ring, cheibrodos_sewer_entry_sluice,
          nicolae_ossuary_entry_plus, uniq_crazy_yiuf_cottage, uniq_pikel,
          uniq_blork_the_orc
D:6:      layout_basic, nicolae_overflow_hidden_temple,
          minmay_temple_entry_poolview
D:7:      layout_gridville, amcnicky_altar_gilded, serial_shops,
          nicolae_shop_stone, nicolae_diamond_shop,
          nicolae_shop_competitors_out_of_business
D:8:      layout_gridville, hangedman_abyss_or_decor_clamps, uniq_grum
D:9:      layout_loops_corners, uniq_erica
Temple:   eino_temple_lava

Skill      XL: |  1  2  3  4  5  6  7  8  9 10 |
---------------+-------------------------------+-----
Long Blades    | 2 13 16 | 16.7
Fighting       | 3 4 |  4.7
Armour         | 4 5 6 |  6.2
Shields        | 4 5 |  5.7

Action                     |  1- 3 |  4- 6 |  7- 9 | 10-12 || total
---------------------------+-------+-------+-------+-------++-------
  Melee: Long sword        |   121 |    11 |   477 |     4 ||   613
         Tailslap          |     6 |     2 |    75 |    44 ||   127
         Scimitar          |       |       |       |   277 ||   277
    Use: Potion            |       |     2 |     8 |     2 ||    12
         Scroll            |       |       |     7 |    18 ||    25
   Stab: Invisible         |       |       |       |     1 ||     1
 Armour: Scale mail        |    66 |    12 |       |       ||    78
         Chain mail        |       |       |   183 |   126 ||   309
  Dodge: Dodged            |    41 |     4 |    95 |    80 ||   220
  Block: Buckler           |    32 |     3 |    72 |    66 ||   173

Table legend: (Time is in decaauts)
 A = Elapsed time spent in this place.
 B = Non-inter-level travel time spent in this place.
 C = Inter-level travel time spent in this place.
 D = Time resting spent in this place.
 E = Time spent auto-exploring this place.
 F = Levels seen in this place.
 G = Mean time per level.
                   A        B        C        D        E       F      G
               +--------+--------+--------+--------+--------+-----+--------+
         Total |  11416 |  11209 |    207 |   3148 |   6343 |  11 | 1037.8 |
       Dungeon |  10706 |  10499 |    207 |   3010 |   6036 |   9 | 1189.6 |
        Temple |    113 |    113 |      0 |      0 |     47 |   1 |  113.0 |
       Ossuary |    595 |    595 |      0 |    138 |    260 |   1 |  595.0 |
               +--------+--------+--------+--------+--------+-----+--------+

Top non-repeatable levels by time:
     D:6: 1758 daAuts
     D:7: 1688 daAuts
     D:8: 1573 daAuts
     D:4: 1302 daAuts
     D:3: 1175 daAuts
     D:1: 1062 daAuts
     D:5: 1030 daAuts
     D:9: 598 daAuts
 Ossuary: 595 daAuts
     D:2: 517 daAuts
  Temple: 113 daAuts
